 Dungeon Crawl Stone Soup version 0.27.1-34-g3ba077fa99 (webtiles) character file.

Game seed: 894833665261219368

44 Arum the Shield-Bearer (level 3, -2/30 HPs)
             Began as a Formicid Fighter on Jan 15, 2022.
             Slain by a gnoll (9 damage)
             ... on level 1 of the Dungeon.
             The game lasted 00:01:02 (1175 turns).

Arum the Shield-Bearer (Formicid Fighter)           Turns: 1175, Time: 00:01:03

Health: -2/30      AC:  6    Str: 21    XL:     3   Next: 85%
Magic:  3/3        EV:  8    Int:  7    God:
Gold:   37         SH:  9    Dex: 10    Spells: 2/2 levels left

rFire    . . .     SeeInvis +   a - +0 war axe
rCold    . . .     Faith    .   c - +0 kite shield
rNeg     . . .     Spirit   .   b - +0 scale mail
rPois    .         Reflect  .   (helmet unavailable)
rElec    .         Harm     +   e - scarf {harm}
rCorr    .         Rampage  .   (no gloves)
Will     .....                  (no boots)
Stlth    ..........             (no amulet)
HPRegen  0.10/turn              (no ring)
MPRegen  0.08/turn              (no ring)

@: no status effects
A: permanent stasis, dig shafts and tunnels, antennae 3, four strong arms
a: Dig, Shaft Self


You were on level 1 of the Dungeon.
You visited 1 branch of the dungeon, and saw 2 of its levels.

You collected 37 gold pieces.

Inventory:

Hand Weapons
 a - a +0 war axe (weapon)
Armour
 b - a +0 scale mail (worn)
 c - a +0 kite shield (worn)
 e - a scarf of harm (worn)
Scrolls
 g - a scroll of magic mapping {unknown}
 i - a scroll of identify {unknown}
 j - a scroll of teleportation {unknown}
Potions
 d - a potion of might
 f - a potion of berserk rage {unknown}
 h - a potion of invisibility {unknown}
 k - a potion of curing {unknown}


   Skills:
 + Level 3.9 Fighting
 + Level 2.7 Axes
 - Level 3.2 Armour
 + Level 4.3 Shields


You had 2 spell levels left.
You didn't know any spells.
Your spell library was empty.

Dungeon Overview and Level Annotations

Branches:
Dungeon (2/15)

Altars:


Innate Abilities, Weirdness & Mutations

You cannot be hasted, slowed, berserked, paralysed or teleported.
You can dig through walls and to a lower floor.
You have a pair of large antennae on your head. (SInv)
Your four strong arms can wield two-handed weapons with a shield.


Message History

No target in view!
No target in view!
No target in view!
No target in view!
No target in view!
No target in view!
No target in view!
No target in view!
No target in view!
No target in view!
Found a stone staircase leading down.
Found a stone staircase leading down.
A gnoll comes into view. It is wielding a +0 whip.
The gnoll shouts!
You hear a shout!
A gnoll comes into view. It is wielding a +0 spear.
The gnoll moves out of view.
A gnoll comes into view. It is wielding a +0 flail.
There are monsters nearby!
There are monsters nearby!
A gnoll comes into view. It is wielding a +0 club.
The gnoll shouts! x2
The gnoll moves out of view.
You see here a fizzy coppery potion.
k - a fizzy coppery potion A dart slug comes into view.
Found a stone staircase leading up.
The dart slug launches a dart at you.
The slug dart hits you but does no damage.
The gnoll hits you from afar with a +0 spear.
You barely miss the gnoll.
The gnoll hits you from afar with a +0 spear.
The gnoll hits you with a +0 flail!
The gnoll hits you from afar with a +0 spear.
* * * LOW HITPOINT WARNING * * *
Found 16 gold pieces.
There is an escape hatch in the ceiling here.
The gnoll hits you but does no damage. A mysterious force pulls you upwards.
The hatch slams shut behind you.
You barely miss the gnoll. The gnoll hits you with a +0 flail!
You die...

#...######........######.###
##### ########.# #..# #.#
#.## #.# #.# #.#####.####
#.#........####
#.#.###.......#
###########.#.# #.#####.#
#.......@g#.#.###.# #.#
#.##.##.#.#.#.##..# #..
#.##.##.#.....##..# #.#
#.#.....#.....##..#####.#
#.......................#
###..####.#.########.####
#..####.#.# #.# ##.......#.#
#.# ###...######'## #.#


You could see a gnoll.

Vanquished Creatures
  2 dart slugs (D:1)
  2 ball pythons (D:1)
  6 bats (D:1)
  4 endoplasms (D:1)
  3 giant cockroaches
  2 goblins (D:1)
  A hobgoblin (D:1)
  7 jackals
  A quokka (D:1)
  A frilled lizard (D:1)
  A kobold (D:1)
  4 rats
34 creatures vanquished.

Notes
Turn   | Place    | Note
-------+----------+-------------------------------------------
     0 | D:1      | Arum the Formicid Fighter began the quest for the Orb.
     0 | D:1      | Reached XP level 1. HP: 18/18 MP: 1/1
   206 | D:1      | Reached XP level 2. HP: 24/24 MP: 2/2
   330 | D:1      | Found a faded altar of an unknown god.
   378 | D:1      | Reached skill level 4 in Shields
   405 | D:1      | Reached XP level 3. HP: 30/30 MP: 3/3
  1175 | D:1      | Slain by a gnoll

Illustrated notes

Levels and vault maps discovered:
D:1:      enne_arrival_octagon_isle, layout_loops_corners,
          hellmonk_ecumenical_altar_slurped_away, kennysheep_boxes
D:2:      layout_rooms

Skill      XL: |  1  2 |
---------------+-------+-----
Shields        | 4 |  4.3
Fighting       | |  3.9
Axes           | |  2.7
Armour         | |  3.2

Action                   || total
-------------------------++-------
Melee: War axe           ||    77
Armor: Scale mail        ||    39
Dodge: Dodged            ||    36
Block: Kite shield       ||    48
